 Dungeon Crawl Stone Soup version 0.27.0-1-g7a089689b8 (webtiles) character file.

Game seed: 11809537551952465674

218 RedPan the Chiller (level 5, -4/35 HPs)
             Began as a Demonspawn Ice Elementalist on Aug 16, 2021.
             Was a Follower of Okawaru.
             Slain by Grinder (7 damage)
             ... on level 3 of the Dungeon.
             The game lasted 00:08:00 (3657 turns).

RedPan the Chiller (Demonspawn Ice Elementalist)    Turns: 3657, Time: 00:08:00

Health: -4/35      AC:  7    Str:  8    XL:     5   Next: 63%
Magic:  9/10       EV: 12    Int: 17    God:    Okawaru [*.....]
Gold:   44         SH:  0    Dex: 14    Spells: 3/10 levels left

rFire    + . .     SeeInvis .   g - +0 war axe
rCold    + . .     Faith    .   (no shield)
rNeg     . . .     Spirit   .   k - +1 acid dragon scales
rPois    +         Reflect  .   (helmet restricted)
rElec    +         Harm     .   (no cloak)
rCorr    +         Rampage  .   (no gloves)
Will     .....                  (no boots)
Stlth    ++........             (no amulet)
HPRegen  0.11/turn              h - ring of flight
MPRegen  0.12/turn              (no ring)

@: resistant, freezing walls, flying
A: horns 1, powered by pain 1, sturdy frame 1
a: Renounce Religion, Heroism


You were on level 3 of the Dungeon.
You worshipped Okawaru.
Okawaru was aware of your devotion.
You visited 1 branch of the dungeon, and saw 3 of its levels.

You collected 44 gold pieces.

Inventory:

Hand Weapons
 g - a +0 war axe (weapon)
 j - a +0 mace
Armour
 k - +1 acid dragon scales (worn)
Jewellery
 h - a ring of flight (left hand)
Scrolls
 b - 3 scrolls of identify
Potions
 e - a potion of brilliance
 f - a potion of attraction


   Skills:
 + Level 1.3 Axes
 - Level 2.0 Dodging
 - Level 2.0 Stealth
 + Level 3.4 Spellcasting
 + Level 4.6 Ice Magic
 + Level 2.9 Invocations


You had 3 spell levels left.
You knew the following spells:

 Your Spells              Type           Power      Damage    Failure   Level
a - Freeze                Ice            72%        1d9       3%          1
b - Frozen Ramparts       Ice            36%        1d5       9%          3
c - Ozocubu's Armour      Ice            18%        N/A       9%          3

Your spell library contained the following spells:

 Spells                   Type           Power      Damage    Failure   Level
 Animate Skeleton         Necr           4%         N/A       21%         1
 Pain                     Necr           8%         1d4       21%         1
 Passwall                 Tmut/Erth      1%         N/A       30%         2
 Swiftness                Air            2%         N/A       52%         3
 Vampiric Draining        Necr           1%         2d6       52%         3
 Hailstorm                Conj/Ice       10%        3d5       61%         4
 Animate Armour           Summ/Erth      4%         N/A       90%         4
 Blade Hands              Tmut           1%         N/A       99%         5
 Invisibility             Hex            1%         N/A       100%        6
 Iron Shot                Conj/Erth      1%         9d1       100%        6


Dungeon Overview and Level Annotations

Branches:
Dungeon (3/15)

Altars:
Okawaru
Yredelemnul

Shops:
D:2 *

Annotations:
D:3 Grinder


Innate Abilities, Weirdness & Mutations

You have a pair of small horns on your head.
You sometimes gain a little power by taking damage.
Your movements are slightly less encumbered by armour. (ER -2)


Message History

Unknown command.
Grinder blinks!
Your magical contamination has completely faded away.
The frozen ramparts melt away.
Casting: Frozen Ramparts (dangerous; 9% risk of failure)
Confirm with . or Enter, or press ? or * to list all spells.
Casting: Frozen Ramparts (dangerous; 9% risk of failure)
Press: ? - help, Dir - look around, f - activate A stone staircase leading up, spattered with blood.
The walls around you are covered in ice.
Grinder completely resists.
The wall freezes Grinder but does no damage.
Grinder gestures at you. Pain shoots through your body!
Unknown command.
You hit Grinder.
Grinder is lightly wounded.
Grinder resists.
The wall freezes Grinder.
Grinder barely misses you.
Grinder completely resists.
The wall freezes Grinder but does no damage.
Grinder hits you.
You writhe in agony.
Unknown command.
You closely miss Grinder. You headbutt Grinder.
Grinder is lightly wounded.
Grinder completely resists.
The wall freezes Grinder but does no damage.
Grinder hits you.
You writhe in agony.
Unknown command.
You hit Grinder but do no damage.
Grinder is lightly wounded.
Grinder resists.
The wall freezes Grinder.
Grinder hits you.
You writhe in agony.
Grinder completely resists.
The wall freezes Grinder but does no damage.
Grinder gestures at you. Pain shoots through your body!
* * * LOW HITPOINT WARNING * * *
You focus on the pain.
You feel your power returning.
You feel protected.
Grinder resists.
The wall freezes Grinder.
Grinder hits you!
You die...

.. . . ###.
..# #.#
#$## #@)#
##5.!.....
.........
.#........
...........
..
.....###.
... ...###
... ....#


You could see Grinder.

Vanquished Creatures
  A water moccasin (D:2)
  Jessica (D:2)
  Robin (D:2)
  2 worms (D:2)
  4 dart slugs (D:1)
  4 endoplasms
  A giant cockroach (D:1)
  16 goblins
  7 hobgoblins
  A quokka (D:1)
  7 ball pythons
  3 bats (D:1)
  A frilled lizard (D:2)
  6 kobolds
  6 rats
61 creatures vanquished.

Vanquished Creatures (others)
  A fungus (D:1)
  A plant (D:1)
2 creatures vanquished.

Grand Total: 63 creatures vanquished

Notes
Turn   | Place    | Note
-------+----------+-------------------------------------------
     0 | D:1      | RedPan the Demonspawn Ice Elementalist began the quest for
                  | the Orb.
     0 | D:1      | Reached XP level 1. HP: 13/13 MP: 3/3
   310 | D:1      | Gained mutation: Your movements are slightly less
                  | encumbered by armour. (ER -2) [demonic ancestry]
   310 | D:1      | Reached XP level 2. HP: 13/19 MP: 1/5
   860 | D:1      | Reached skill level 4 in Ice Magic
  1171 | D:1      | Gained mutation: You have a pair of small horns on your
                  | head. [demonic ancestry]
  1171 | D:1      | Reached XP level 3. HP: 24/24 MP: 4/6
  1205 | D:1      | Found a faded altar of an unknown god.
  1227 | D:1      | Became a worshipper of Warmaster Okawaru
  1227 | D:1      | Reached * piety under Okawaru
  1597 | D:2      | Learned a level 3 spell: Frozen Ramparts
  1601 | D:2      | Learned a level 3 spell: Ozocubu's Armour
  1837 | D:2      | Found a basalt altar of Yredelemnul.
  1850 | D:2      | Reached skill level 1 in Invocations
  2050 | D:2      | Found Ygatat's General Store.
  2170 | D:2      | Noticed Jessica
  2178 | D:2      | Killed Jessica
  2179 | D:2      | Reached XP level 4. HP: 12/30 MP: 4/8
  2803 | D:3      | Noticed Robin
  2806 | D:3      | Noticed a water moccasin
  2825 | D:2      | Killed a water moccasin
  2826 | D:2      | Reached skill level 1 in Axes
  2826 | D:2      | Gained mutation: You sometimes gain a little power by
                  | taking damage. [demonic ancestry]
  2826 | D:2      | Reached XP level 5. HP: 13/35 MP: 1/10
  3129 | D:3      | Noticed Grinder
  3386 | D:2      | Killed Robin
  3639 | D:3      | Paralysed by Grinder for 2 turns
  3657 | D:3      | Slain by Grinder

Illustrated notes

Levels and vault maps discovered:
D:1:      dpeg_arrival_rhombi, layout_basic, shapermc_ecumenical_altar_ellora
D:2:      layout_basic, serial_shops, nicolae_shop_stone,
          kennysheep_pointless_box, kennysheep_nub, kennysheep_flooded_box,
          minmay_pentomino_t2, uniq_jessica
D:3:      layout_rooms, vehumet_statue, portal_sewer_entry_f, uniq_grinder,
          uniq_crazy_yiuf_cottage, uniq_robin, uniq_ijyb

Skill      XL: |  1  2  3  4 |
---------------+-------------+-----
Stealth        | 2 |  2.0
Dodging        | 2 |  2.0
Ice Magic      | 4 |  4.6
Invocations    | 1 2 |  2.9
Spellcasting   | 3 |  3.4
Axes           | 1 |  1.3

Action                   |  1- 3 |  4- 6 || total
-------------------------+-------+-------++-------
Melee: Hand axe          |    86 |     2 ||    88
       Headbutt          |     7 |     2 ||     9
       War axe           |       |    29 ||    29
 Cast: Freeze            |    40 |     7 ||    47
       Frozen Ramparts   |       |     5 ||     5
       Ozocubu's Armour  |       |     3 ||     3
  Use: Scroll            |     5 |     2 ||     7
       Potion            |       |     4 ||     4
 Stab: Sleeping          |     7 |       ||     7
Armor: Robe              |     7 |       ||     7
       Acid dragon scale |    28 |    24 ||    52
Dodge: Dodged            |    76 |    38 ||   114
